 Dungeon Crawl Stone Soup version 0.24-a0-451-g263dff2034 (webtiles) character file.

Game seed: 8422823155133718196

98 Mrkan the Skirmisher (level 4, 0/41 HPs)
             Began as a Hill Orc Abyssal Knight on June 26, 2019.
             Was a Follower of Lugonu.
             Slain by an iguana (4 damage)
             ... on level 2 of the Dungeon.
             The game lasted 00:04:04 (1668 turns).

Mrkan the Skirmisher (Hill Orc Abyssal Knight)      Turns: 1668, Time: 00:04:05

Health: 0/41       AC:  8    Str: 15    XL:     4   Next: 69%
Magic:  6/6        EV:  3    Int: 12    God:    Lugonu [*.....]
Gold:   54         SH:  7    Dex: 10    Spells: 3/3 levels left

rFire    . . .     SeeInvis .   a - +1 hand axe
rCold    . . .     Gourm    .   q - +0 shield
rNeg     . . .     Faith    .   k - +0 chain mail
rPois    .         Spirit   .   (no helmet)
rElec    .         Reflect  .   (no cloak)
rCorr    .         Harm     .   (no gloves)
MR       .....                  (no boots)
Stlth    ..........             (no amulet)
HPRegen  0.13/turn              (no ring)
MPRegen  0.10/turn              (no ring)

@: no status effects
A: no striking features
a: Depart the Abyss, Renounce Religion


You were on level 2 of the Dungeon.
You worshipped Lugonu.
Lugonu was aware of your devotion.
You were not hungry.

You visited 1 branch of the dungeon, and saw 2 of its levels.
You visited the Abyss 1 time.

You collected 54 gold pieces.

Inventory:

Hand Weapons
 a - a +1 hand axe (weapon)
 o - a +1 hand axe of electrocution
Armour
 k - a +0 chain mail (worn)
 q - a +0 shield (worn)
Jewellery
 e - a cursed ring of teleportation {unknown}
 h - a +5 ring of strength {unknown}
Scrolls
 b - a scroll of enchant armour {unknown}
 d - a scroll of fog {unknown}
 g - 2 scrolls of immolation {unknown}
 j - a scroll of remove curse {unknown}
 m - 2 scrolls of random uselessness {unknown}
 s - a scroll of blinking {unknown}
 t - a scroll of enchant weapon {unknown}
Potions
 f - a potion of haste {unknown}
 i - a potion of flight {unknown}
 l - a potion of curing
 p - 2 potions of mutation {unknown}
 r - a potion of might {unknown}
Comestibles
 c - 6 rations
 n - 3 chunks of flesh


   Skills:
 + Level 4.8 Fighting
 * Level 4.2 Axes
 - Level 2.5 Armour
 - Level 1.0 Dodging
 + Level 0.5 Shields
 + Level 3.0 Invocations


You had 3 spell levels left.
You didn't know any spells.
Your spell library was empty.

Dungeon Overview and Level Annotations

Branches:
Dungeon (2/15)

Altars:


Message History

The iguana is moderately wounded.
The iguana bites you.
You hit the iguana but do no damage.
The iguana is moderately wounded.
You block the iguana's attack.
You slash the iguana!
The iguana is severely wounded.
The iguana bites you but does no damage.
You hit the iguana but do no damage.
The iguana is severely wounded.
The iguana bites you!
* * * LOW HITPOINT WARNING * * *
You hit the iguana but do no damage.
The iguana is severely wounded.
You block the iguana's attack. The iguana bites you!
* * * LOW HITPOINT WARNING * * *
Your shield and chain mail prevent you from hitting the iguana.
The iguana is severely wounded.
The iguana bites you.
You die...

##. ####.#.###.##### #..
.............)... #.#
######.####.##### #.# #.#
#...... #.# #.# ########
.########.# #.# #......#
..........# #.# #.####.#
########..##########.###.#
#.. #.....l@..........#
### ##.######.######### #
#.# #.# # #.# #.# # #.#
#.# # #.######.# #
#........# ##########


You could see an iguana.

Vanquished Creatures
  Jessica (D:2)
  An adder (D:2)
  An ooze (D:1)
  A worm (D:2)
  2 dart slugs (D:1)
  5 leopard geckos
  An orc (D:2)
  4 ball pythons
  4 goblins
  5 hobgoblins
  4 jackals (D:1)
  8 kobolds
  2 bats (D:2)
  A frilled lizard (D:2)
  4 rats
44 creatures vanquished.

Notes
Turn   | Place    | Note
-------+----------+-------------------------------------------
     0 | Abyss:1  | Mrkan the Hill Orc Abyssal Knight began the quest for the
                  | Orb.
     0 | Abyss:1  | Reached XP level 1. HP: 19/19 MP: 2/2
    12 | Abyss:1  | Noticed a starcursed mass
    25 | D:1      | Escaped the Abyss
   187 | D:1      | Reached XP level 2. HP: 12/27 MP: 3/3
   574 | D:1      | Reached * piety under Lugonu
   768 | D:1      | Reached XP level 3. HP: 29/34 MP: 4/4
  1186 | D:1      | Reached skill level 1 in Dodging
  1336 | D:2      | Reached XP level 4. HP: 23/41 MP: 4/6
  1596 | D:2      | Noticed Jessica
  1603 | D:2      | Killed Jessica
  1668 | D:2      | Slain by an iguana

Levels and vault maps discovered:
D:1:      dpeg_arrival_tiny_a, layout_loops_ring, minmay_misc_feat_diagonals
D:2:      layout_loops_ring, uniq_jessica

Skill      XL: |  1  2  3  4 |
---------------+-------------+-----
Axes           | 3 4 |  4.2
Fighting       | 4 |  4.8
Dodging        | 1 |  1.0
Invocations    | 3 |  3.0
Armour         | |  2.5
Shields        | |  0.5

Action                   |  1- 3 |  4- 6 || total
-------------------------+-------+-------++-------
Melee: Hand axe          |   109 |    59 ||   168
Invok: Depart the Abyss  |     1 |       ||     1
  Use: Potion            |     1 |       ||     1
  Eat: Chunk             |     1 |     2 ||     3
Armor: Leather armour    |    15 |       ||    15
       Chain mail        |    30 |    30 ||    60
Dodge: Dodged            |    46 |    13 ||    59
Block: Shield            |       |    18 ||    18

Table legend:
 A = Non-vault XP
 B = Vault XP
 C = Vault XP percentage of total XP
 D = Non-vault monster count
 E = Vault monster count
 F = Vault count percentage of total count
                 A         B        C        D         E       F
            +---------+---------+-------+---------+---------+-------
      Total |     103 |      37 |  26.4 |      43 |       1 |   2.3
            +---------+---------+-------+---------+---------+-------
        D:1 |      57 |       0 |   0.0 |      26 |       0 |   0.0
        D:2 |      46 |      37 |  44.6 |      17 |       1 |   5.6
            +---------+---------+-------+---------+---------+-------
